 Dungeon Crawl Stone Soup version 0.27-a0-1200-g94dc6ad4cf (webtiles) character file.

Game seed: 17016614976911379204

6229 polve the Fighter (level 10, -3/88 HPs)
             Began as a Demonspawn Gladiator on May 30, 2021.
             Was a Believer of Makhleb.
             Killed by nerve-wracking pain
             ... invoked by an orc priest
              (8 damage)
             ... on level 9 of the Dungeon.
             The game lasted 00:10:03 (9728 turns).

polve the Fighter (Demonspawn Gladiator)            Turns: 9728, Time: 00:10:03

Health: -3/88      AC: 12    Str: 17    XL:     10   Next: 61%
Magic:  10/10      EV: 12    Int: 10    God:    Makhleb [**....]
Gold:   359        SH:  0    Dex: 21    Spells: 7/9 levels left

rFire    . . .     SeeInvis .   a - +0 war axe
rCold    . . .     Faith    .   (no shield)
rNeg     . . .     Spirit   .   A - +3 ring mail "Mitox" {Rampage rCorr}
rPois    +         Reflect  .   c - +0 helmet
rElec    .         Harm     .   u - +0 cloak
rCorr    +         Rampage  +   t - +0 pair of gloves
Will     .....                  (no boots)
Stlth    +.........             h - amulet of magic regeneration
HPRegen  0.24/turn              w - +6 ring of dexterity
MPRegen  0.37/turn              i - ring of poison resistance

@: no status effects
A: hooves 1, foul stench 2, icemail 2, condensation shield
a: Renounce Religion, Minor Destruction


You were on level 9 of the Dungeon.
You worshipped Makhleb.
Makhleb was pleased with you.
You visited 2 branches of the dungeon, and saw 10 of its levels.

You collected 359 gold pieces.

Inventory:

Hand Weapons
 a - a +0 war axe (weapon)
Missiles
 d - 5 throwing nets (quivered)
Armour
 c - a +0 helmet (worn)
 t - a +0 pair of gloves (worn)
 u - a +0 cloak (worn)
 A - the +3 ring mail "Mitox" (worn) {Rampage rCorr}
   (You found it on level 5 of the Dungeon)

   It protects you from acid and corrosion.
   It bestows one free step when moving towards enemies.
Jewellery
 e - a ring of protection from fire
 h - an amulet of magic regeneration (around neck)
 i - a ring of poison resistance (right hand)
 w - a +6 ring of dexterity (left hand)
Wands
 p - a wand of mindburst (9)
 s - a wand of digging (4)
Scrolls
 f - 2 scrolls of fog
 j - 3 scrolls of teleportation
 k - 4 scrolls of vulnerability
 m - a scroll of immolation
 n - a scroll of fear
 o - 2 scrolls of enchant armour
 q - a scroll of magic mapping
 v - 2 scrolls of silence
 y - 2 scrolls of enchant weapon
Potions
 b - 2 potions of brilliance
 x - a potion of cancellation {unknown}


   Skills:
 + Level 11.5 Fighting
 - Level 10.0 Axes
 - Level 1.7 Throwing
 - Level 4.0 Armour
 - Level 2.6 Dodging


You had 7 spell levels left.
You knew the following spells:

 Your Spells              Type           Power      Damage    Failure   Level
a - Blink                 Tloc           N/A        N/A       69%         2

Your spell library contained the following spells:

 Spells                   Type           Power      Damage    Failure   Level
 Sandblast                Erth           0%         2d4       54%         1
 Passwall                 Tmut/Erth      0%         N/A       69%         2
 Gell's Gravitas          Tloc           0%         N/A       89%         3
 Lesser Beckoning         Tloc           0%         N/A       89%         3
 Stone Arrow              Conj/Erth      0%         3d7       89%         3
 Teleport Other           Tloc           0%         N/A       89%         3
 Petrify                  Tmut/Erth      0%         N/A       100%        4
 Lee's Rapid Deconstruct  Erth           0%         3d5*      100%        5
 Manifold Assault         Tloc           0%         N/A       100%        5


Dungeon Overview and Level Annotations

Branches:
Dungeon (9/15)             Temple (1/1) D:5
   Lair: D:8-11         Orc: D:9-12

Altars:
Ashenzari
Cheibriados
Dithmenos
Elyvilon
Fedhas
Gozag
Hepliaklqana
Kikubaaqudgha
Makhleb
Nemelex Xobeh
Okawaru
Qazlal
Ru
Sif Muna
Trog
Uskayaw
Vehumet
Xom
Yredelemnul
Zin
The Shining One


Innate Abilities, Weirdness & Mutations

You have large cloven feet.
You sometimes emit foul miasma when damaged in melee.
A meltable icy envelope protects you from harm. (AC +0)
A meltable shield of frost defends you. (SH +0)


Message History

You closely miss the orc priest.
You kick the orc priest, but do no damage.
You hit something. You barely miss the orc. You slash the orc warrior!
The orc warrior hits you but does no damage.
The orc barely misses you. The orc priest closely misses you.
Something hits you but does no damage.
You hit the orc priest but do no damage.
You kick the orc priest.
The orc priest is moderately wounded.
You hit something. You closely miss the orc. You closely miss the orc warrior.
You block the orc warrior's attack. The orc misses you.
The orc priest mumbles some strange prayers to Beogh against you.
Pain shoots through your body!
* * * LOW HITPOINT WARNING * * *
Something barely misses you.
You hit the orc priest.
The orc priest is moderately wounded.
You closely miss something. You slash the orc!
You kill the orc!
Makhleb accepts your kill.
You can now harness Makhleb's destructive might.
You hit the orc warrior but do no damage.
The orc warrior hits you with a +0 hand axe!
* * * LOW HITPOINT WARNING * * *
The orc priest hits you but does no damage.
You hear some strange, mumbled words.
A magic dart appears from out of thin air!
The magic dart hits you.
* * * LOW HITPOINT WARNING * * *
Okay, then.
You hear some strange, mumbled words.
A puff of flame appears from out of thin air!
The puff of flame hits you.
Your icy defenses dissipate!
* * * LOW HITPOINT WARNING * * *
Things that are here:
a +0 dagger; a +0 leather armour The orc priest calls down the wrath of Beogh upon you.
Pain shoots through your body!
You die...

##########
#........#
+<.......#
#<....<..#
#........#
#@.....$.# ##
#.)......+
#..#ooo.....#
#...o)........
#.............
+.$......##...
##.......# ...
#......... ..
#...##.....


You could see an orc warrior, an orc priest and 2 orcs.

Vanquished Creatures
  A centaur warrior (D:8)
  A skeletal warrior (D:8)
  A black mamba (shapeshifter) (D:8)
  A shadow (D:8)
  3 yaks (D:9)
  Eustachio (D:4)
  A basilisk (D:8)
  Grum (D:8)
  An acid dragon (D:8)
  3 water moccasins (D:7)
  Purgy (D:4)
  A hornet zombie (D:7)
  An ice beast (D:6)
  A black bear (D:6)
  3 orc warriors
  A sky beast (D:7)
  3 ogres
  3 necrophages
  3 wolves (D:8)
  2 centaurs (D:8)
  3 bullfrogs
  3 scorpions
  A killer bee (D:8)
  4 howler monkeys (D:8)
  2 centaur zombies
  4 hounds
  6 orc priests
  2 bullfrog skeletons
  A gnoll shaman (D:7)
  4 iguanas
  10 orc wizards
  2 killer bee zombies
  8 adders
  5 gnolls
  A white imp (D:7)
  An ufetubus (D:4)
  A worm (D:3)
  32 orcs
  8 ball pythons
  8 bats
  11 endoplasms
  3 giant cockroaches
  6 goblins
  10 hobgoblins
  7 kobolds
  5 quokkas
  A frilled lizard (D:3)
  2 rats (D:1)
  A bush (Temple)
185 creatures vanquished.

Vanquished Creatures (others)
  10 plants
10 creatures vanquished.

Grand Total: 195 creatures vanquished

Notes
Turn   | Place    | Note
-------+----------+-------------------------------------------
     0 | D:1      | polve the Demonspawn Gladiator began the quest for the Orb.
     0 | D:1      | Reached XP level 1. HP: 16/16 MP: 1/1
    48 | D:1      | Found a faded altar of an unknown god.
    56 | D:1      | Gained mutation: You may rarely emit foul miasma when
                  | damaged in melee. [demonic ancestry]
    56 | D:1      | Reached XP level 2. HP: 10/22 MP: 2/2
   644 | D:1      | Found a bloodstained altar of Trog.
   863 | D:1      | Gained mutation: You sometimes emit foul miasma when
                  | damaged in melee. [demonic ancestry]
   863 | D:1      | Reached XP level 3. HP: 27/27 MP: 3/3
  1972 | D:2      | Gained mutation: A meltable shield of frost defends you.
                  | (SH +0) [demonic ancestry]
  1972 | D:2      | Reached XP level 4. HP: 31/33 MP: 4/4
  3051 | D:3      | Found a bloodstained altar of Trog.
  3185 | D:3      | Reached skill level 5 in Axes
  3642 | D:3      | Found a hazy altar of Hepliaklqana.
  3687 | D:3      | Gained mutation: You have large cloven feet. [demonic
                  | ancestry]
  3687 | D:3      | Reached XP level 5. HP: 38/38 MP: 5/5
  3904 | D:4      | Noticed Purgy
  3924 | D:4      | Killed Purgy
  3925 | D:4      | Reached XP level 6. HP: 12/44 MP: 6/6
  4267 | D:4      | Noticed Eustachio
  4302 | D:4      | Killed Eustachio
  4440 | D:4      | Gained mutation: A meltable icy envelope protects you from
                  | harm. (AC +0) [demonic ancestry]
  4440 | D:4      | Reached XP level 7. HP: 49/50 MP: 7/7
  4569 | D:5      | Entered Level 5 of the Dungeon
  4831 | D:5      | Reached XP level 8. HP: 22/56 MP: 8/8
  4918 | D:5      | Found a staircase to the Ecumenical Temple.
  4931 | Temple   | Entered the Ecumenical Temple
  4976 | Temple   | Became a worshipper of Makhleb the Destroyer
  5093 | D:5      | Identified the +3 ring mail "Mitox" {Rampage rCorr}
  5283 | D:5      | Found a shimmering altar of Xom.
  5283 | D:5      | Found a radiant altar of Vehumet.
  5284 | D:5      | Found a sacrificial altar of Ru.
  5285 | D:5      | Found an ancient bone altar of Kikubaaqudgha.
  5285 | D:5      | Found an iron altar of Okawaru.
  5306 | D:5      | Found a sparkling altar of Nemelex Xobeh.
  5534 | D:6      | Reached skill level 10 in Axes
  5736 | D:6      | Reached skill level 1 in Armour
  5824 | D:6      | Reached skill level 3 in Fighting
  6045 | D:6      | Reached * piety under Makhleb
  6493 | D:6      | Identified the +1 robe of the Poles {+Inv rF++}
  6644 | D:7      | Reached skill level 4 in Fighting
  6778 | D:7      | Gained mutation: A meltable icy envelope protects you from
                  | harm. (AC +0) [demonic ancestry]
  6778 | D:7      | Reached XP level 9. HP: 16/65 MP: 9/9
  7191 | D:7      | Reached skill level 5 in Fighting
  7475 | D:7      | Reached skill level 6 in Fighting
  8196 | D:8      | Reached skill level 7 in Fighting
  8210 | D:8      | Identified the +1 scale mail "Fouck" {Int+3}
  8217 | D:8      | Noticed Grum
  8241 | D:8      | Killed Grum
  8242 | D:8      | Reached skill level 8 in Fighting
  8301 | D:8      | Noticed a centaur warrior
  8322 | D:8      | Killed a centaur warrior
  8323 | D:8      | Reached skill level 9 in Fighting
  8323 | D:8      | Reached XP level 10. HP: 40/83 MP: 10/10
  8363 | D:8      | Noticed a skeletal warrior
  8446 | D:7      | Reached skill level 10 in Fighting
  8892 | D:8      | Noticed a black mamba
  8902 | D:8      | Killed a black mamba
  8914 | D:8      | Learned a level 2 spell: Blink
  9265 | D:8      | Killed a skeletal warrior
  9265 | D:8      | Reached ** piety under Makhleb
  9266 | D:8      | Reached skill level 11 in Fighting
  9728 | D:9      | Killed from afar by an orc priest

Illustrated notes

Levels and vault maps discovered:
D:1:      dpeg_chamrin_arrival_tetris, layout_loops_corners,
          hellmonk_ecumenical_altar_heavens_door, minmay_hexomino_r4
D:2:      layout_loops_ring
D:3:      layout_basic, lemuel_round_altar, general_overflow_altar,
          minmay_cut_off
D:4:      layout_rooms, uniq_purgy, uniq_eustachio
D:5:      layout_loops_cross, lemuel_crystal_altar, grunt_temple_overflow_open,
          minmay_temple_entry_grid, kennysheep_generic_room_7
D:6:      layout_loops_ring
D:7:      layout_cave_pods
D:8:      layout_gridville, minmay_shattered_shrine, uniq_grum
D:9:      layout_roguey, lair_entry_dummy, erik_orc_4, serial_corexii_hall,
          corexii_hall_statues_l, corexii_hall_statues_t,
          hangedman_tell_no_tales, uniq_maurice
Temple:   cyrus_temple_forest

Skill      XL: |  1  2  3  4  5  6  7  8  9 10 |
---------------+-------------------------------+-----
Axes           | 3 4 5 6 7 9 10 | 10.0
Armour         | 3 4 |  4.0
Fighting       | 4 9 11 | 11.5
Throwing       | |  1.7
Dodging        | |  2.6

Action                   |  1- 3 |  4- 6 |  7- 9 | 10-12 || total
-------------------------+-------+-------+-------+-------++-------
Melee: War axe           |    76 |   181 |   355 |    67 ||   679
       Kick              |       |    39 |   166 |    31 ||   236
       Unarmed           |       |       |       |    28 ||    28
  Use: Potion            |       |     4 |     6 |     3 ||    13
       Scroll            |       |       |       |    10 ||    10
Armor: Leather armour    |     9 |       |       |       ||     9
       Chain mail        |    37 |   120 |       |       ||   157
       Troll leather arm |       |    14 |    23 |       ||    37
       Ring mail         |       |       |   143 |    50 ||   193
       Skin              |       |       |       |    15 ||    15
Dodge: Dodged            |    30 |    86 |   188 |    59 ||   363
Block: Other             |       |    35 |    47 |    14 ||    96

Table legend: (Time is in decaauts)
 A = Elapsed time spent in this place.
 B = Non-inter-level travel time spent in this place.
 C = Inter-level travel time spent in this place.
 D = Time resting spent in this place.
 E = Time spent auto-exploring this place.
 F = Levels seen in this place.
 G = Mean time per level.
                   A        B        C        D        E       F      G
               +--------+--------+--------+--------+--------+-----+--------+
         Total |   9764 |   9458 |    306 |      0 |   8016 |  10 |  976.4 |
       Dungeon |   9636 |   9368 |    268 |      0 |   7979 |   9 | 1070.7 |
        Temple |    127 |     90 |     37 |      0 |     37 |   1 |  127.0 |
               +--------+--------+--------+--------+--------+-----+--------+

Top non-repeatable levels by time:
     D:7: 1663 daAuts
     D:1: 1406 daAuts
     D:8: 1392 daAuts
     D:2: 1166 daAuts
     D:6: 1164 daAuts
     D:3: 1160 daAuts
     D:4: 883 daAuts
     D:5: 768 daAuts
  Temple: 127 daAuts
     D:9: 29 daAuts
